 Dungeon Crawl Stone Soup version 0.31-a0-521-gc7390f8997 (webtiles) character file.

Game seed: 7829690891264289836

2157 Gelion the Changeling (level 9, -10/58 (62) HPs)
             Began as an Octopode Shapeshifter on Aug 11, 2023.
             Was an Initiate of Gozag.
             Mangled by Jeremiah
             ... wielding a +4 glaive of draining
              (13 damage)
             ... on level 7 of the Dungeon.
             The game lasted 00:11:19 (6625 turns).

Gelion the Changeling (Octopode Shapeshifter)       Turns: 6625, Time: 00:11:20

HP:   -10/58 (62)   AC:  1    Str: 14    XL:     9   Next: 31%
MP:   18/18         EV: 13    Int: 10    God:    Gozag
Gold: 857           SH:  0    Dex: 17    Spells: 8/8 levels left

rFire   . .          .
                       - Unarmed
rCold   . . .        (shield currently unavailable)
rNeg    . . .        (helmet restricted)
rPois   .            (no amulet)
rElec   .            k - ring of see invisible
rCorr   .            e - ring of magical power
SInv    +            (no ring)
Will    .....        (no ring)
Stlth   +            (no ring)
HPRegen 0.29/turn    (no ring)
MPRegen 0.16/turn    (no ring)
                     (no ring)

%: no passive effects
@: flux-form, hasted, glowing, drained, very quick
A: glow, contaminating, almost no armour, amphibious, 8 rings, camouflage 1,
gelatinous body 1, (nimble swimmer 1), tentacles
a: Begin Untransformation, Renounce Religion, Potion Petition, Call Merchant,
Bribe Branch


You were on level 7 of the Dungeon.
You worshipped Gozag.
Gozag was pleased with you.
You were something dangerously unstable.
You visited 2 branches of the dungeon, and saw 8 of its levels.
You also visited: Sewer.

You collected 902 gold pieces.
You paid 45 gold pieces to Gozag.

Inventory:

Jewellery
 e - a ring of magical power (right tentacle)
 k - a ring of see invisible (left tentacle)
Talismans
 b - a beast talisman
 c - a flux talisman (active)
 q - a blade talisman
Wands
 h - a wand of mindburst (5)
 j - a wand of paralysis (3)
 n - a wand of iceblast (6)
Scrolls
 d - a scroll of immolation
 l - a scroll of enchant weapon
 r - a scroll of amnesia
Potions
 a - a potion of lignification
 f - 3 potions of curing
 g - 3 potions of attraction
 i - a potion of brilliance
 o - 2 potions of enlightenment


   Skills:
 + Level 6.0 Fighting
 - Level 2.0 Dodging
 + Level 6.7 Unarmed Combat
 * Level 7.8 Shapeshifting


You had 8 spell levels left.
You didn't know any spells.
Your spell library contained the following spells:

 Spells                   Type           Power      Damage    Failure   Level
 Apportation              Tloc           0%         N/A       36%         1
 Necrotise                Necr           0%         1d4       36%         1
 Summon Small Mammal      Summ           0%         N/A       36%         1
 Sublimation of Blood     Necr           0%         N/A       50%         2
 Summon Guardian Golem    Hex/Summ       0%         N/A       75%         3
 Petrify                  Tmut/Erth      0%         N/A       98%         4
 Irradiate                Conj/Tmut      0%         3d11      100%        5
 Iskenderun's Battlesphe  Conj           0%         2d6       100%        5
 Leda's Unmaking          Conj/Erth      0%         9d1       100%        6
 Orb of Destruction       Conj           0%         9d5       100%        7
 Spellforged Servitor     Conj/Summ      0%         N/A       100%        7


Dungeon Overview and Level Annotations

Branches:
Dungeon (7/15)             Temple (1/1) D:4           Sewer (visited)

Altars:
Ashenzari
Cheibriados
Dithmenos
Elyvilon
Fedhas
Gozag
Okawaru
Qazlal
Ru
Sif Muna
Trog
Uskayaw
Vehumet
Wu Jian
Yredelemnul
The Shining One

Shops:
D:3 (

Annotations:
D:7 Jeremiah


Innate Abilities, Weirdness & Mutations

You are something dangerously unstable.
You glow with magical radiation, making you easy to see and hit.
Foes you strike become dangerously contaminated with magical radiation.
You are incapable of wielding weapons or throwing items.
You cannot wear most types of armour.
You are amphibious.
You can wear up to eight rings at the same time.
Your skin changes colour to match your surroundings (Stealth+).
Your rubbery body absorbs attacks. (AC +1, EV +1)
((You are camouflaged when in or above water. (Stealth+)))
You have tentacles for arms and can constrict up to eight enemies at once.


Message History

You kill the butterfly!
The butterfly disappears in a burst of colours!
Jeremiah hops!
You tentacle-slap the butterfly.
You kill the butterfly!
The butterfly disappears in a burst of colours!
You closely miss the butterfly. Your grab misses the butterfly.
You squeeze the butterfly.
You kill the butterfly!
The butterfly disappears in a burst of colours!
You tentacle-slap the butterfly.
You kill the butterfly!
The butterfly disappears in a burst of colours!
Jeremiah shouts, "O dreadful one, destroy my foe!"
Something smites you!
* * * LOW HITPOINT WARNING * * *
You tentacle-slap the butterfly but do no damage.
The butterfly begins to glow.
You grab the butterfly. You squeeze the butterfly.
You kill the butterfly!
The butterfly disappears in a burst of colours!
Jeremiah cries, "Fearful master, protect me!"
Something smites you!
* * * LOW HITPOINT WARNING * * *
Jeremiah closely misses you.
You tentacle-slap the butterfly.
You kill the butterfly!
The butterfly disappears in a burst of colours!
You tentacle-slap the butterfly but do no damage.
The butterfly begins to glow.
You grab the butterfly. You squeeze the butterfly.
You kill the butterfly!
The butterfly disappears in a burst of colours!
Jeremiah hops!
You tentacle-slap Jeremiah.
Jeremiah begins to glow.
You grab Jeremiah.
Jeremiah is lightly wounded.
You constrict Jeremiah.
Jeremiah hits you with a +4 glaive of draining!
You die...
Your body crumbles into a pile of gold.

#.# ..# #.## #.# #b..
#.# #bb# #.# #bb# #.#
#Fb#
#######b#######bb#
.....b.b.bBFb##.b#####
#######b####b##......#
#.####..b.b.b....
#...######.###.##
###.# (.. #.# #### #.#
#.# #.# #.# #.# #.#


You could see Jeremiah (contam).

Vanquished Creatures
  Sigmund (D:2)
  An orc warrior (D:6)
  A black bear (D:5)
  An ice beast (D:6)
  A centaur (D:6)
  A phantom (D:5)
  Blork the orc (D:5)
  2 kobold brigands
  A bullfrog (D:6)
  4 scorpions
  7 wights
  A howler monkey (D:5)
  3 hounds
  3 orc priests
  2 jellies (D:5)
  3 iguanas
  2 orc wizards
  A hell rat (Sewer)
  4 gnolls (D:5)
  7 adders
  2 river rats (Sewer)
  2 white imps
  An ufetubus (D:6)
  5 dart slugs
  22 orcs
  5 ball pythons
  7 endoplasms
  8 giant cockroaches
  6 goblins
  7 hobgoblins
  7 quokkas
  5 bats
  3 frilled lizards
  10 kobolds
  13 rats
150 creatures vanquished.

Notes
Turn   | Place    | Note
-------+----------+-------------------------------------------
     0 | D:1      | Gelion the Octopode Shapeshifter began the quest for the
                  | Orb.
     0 | D:1      | Reached XP level 1. HP: 13/13 MP: 1/1
   261 | D:1      | Reached XP level 2. HP: 18/18 MP: 2/2
  1084 | D:2      | Found a faded altar of an unknown god.
  1118 | D:2      | Reached XP level 3. HP: 16/23 MP: 3/3
  1300 | D:2      | Noticed Sigmund
  1309 | D:2      | Killed Sigmund
  1310 | D:2      | Reached skill level 4 in Shapeshifting
  1310 | D:2      | Reached XP level 4. HP: 9/30 MP: 4/4
  1310 | D:2      | Reached XP level 5. HP: 10/35 MP: 5/5
  1790 | D:2      | Reached XP level 6. HP: 38/41 MP: 6/6
  2316 | D:3      | Found Dubiunov's Weapon Shop.
  2811 | D:4      | Found a staircase to the Ecumenical Temple.
  2845 | Temple   | Entered the Ecumenical Temple
  2862 | Temple   | Became a worshipper of Gozag Ym Sagoz the Greedy
  3011 | D:4      | Reached skill level 5 in Shapeshifting
  3011 | D:4      | Reached XP level 7. HP: 41/46 MP: 7/7
  3341 | D:5      | Entered Level 5 of the Dungeon
  3643 | D:5      | Reached skill level 5 in Unarmed Combat
  3961 | D:5      | Noticed Blork the orc
  3968 | D:5      | Killed Blork the orc
  3969 | D:5      | Reached skill level 6 in Shapeshifting
  3969 | D:5      | Reached XP level 8. HP: 33/54 MP: 8/8
  4389 | D:6      | Reached skill level 5 in Fighting
  4576 | D:6      | Found a glowing drain.
  4665 | Sewer    | Entered a sewer
  4954 | D:6      | HP: 2/55 [orc priest/+0 club (3)]
  4957 | D:6      | Reached skill level 7 in Shapeshifting
  5381 | D:6      | HP: 1/55 [wight/+4 battleaxe (14)]
  5389 | D:6      | Reached XP level 9. HP: 25/61 MP: 9/9
  6589 | D:7      | Noticed Jeremiah
  6619 | D:7      | HP: 2/58 [Jeremiah/divine providence (13)]
  6625 | D:7      | Mangled by Jeremiah

Illustrated notes

Levels and vault maps discovered:
D:1:      minmay_arrival_four_circles, layout_basic, amethyst_killhole,
          corexii_corridor_pit
D:2:      layout_basic, ebering_ecumenical_altar_abandoned, grunt_ministairs_15,
          uniq_sigmund
D:3:      layout_basic, serial_shops, nicolae_lakefront_shop
D:4:      layout_basic, minmay_temple_entry_glassed_door
D:5:      layout_rooms, uniq_blork_the_orc
D:6:      layout_cave_pools, gup_sewer_entry_bubbles, corexii_leaking_fountain,
          lightli_minifort
D:7:      layout_loops_ring, nicolae_hepliaklqana_hazy_memory, uniq_jeremiah
Temple:   eino_temple_scatter_basement

Skill      XL: |  1  2  3  4  5  6  7  8  9 |
---------------+----------------------------+-----
Fighting       | 2 3 4 5 6 |  6.0
Unarmed Combat | 4 5 6 |  6.7
Shapeshifting  | 4 5 6 7 |  7.8
Dodging        | |  2.0

Action                     |  1- 3 |  4- 6 |  7- 9 || total
---------------------------+-------+-------+-------++-------
  Melee: Unarmed           |    46 |    75 |   229 ||   350
         Tentacles         |    11 |    12 |    61 ||    84
         Constrict         |    13 |    21 |    64 ||    98
         Punch             |     2 |     5 |     1 ||     8
    Use: Scroll            |       |     5 |    12 ||    17
         Potion            |       |       |     8 ||     8
   Stab: Sleeping          |     4 |     5 |     8 ||    17
         Distracted        |       |       |     2 ||     2
 Armour: Skin              |     1 |     5 |     8 ||    14
  Dodge: Dodged            |    21 |    36 |   133 ||   190
   Form: Flux              |       |       |     1 ||     1

Table legend: (Time is in decaauts)
 A = Elapsed time spent in this place.
 B = Non-inter-level travel time spent in this place.
 C = Inter-level travel time spent in this place.
 D = Time resting spent in this place.
 E = Time spent auto-exploring this place.
 F = Levels seen in this place.
 G = Mean time per level.
                   A        B        C        D        E       F      G
               +--------+--------+--------+--------+--------+-----+--------+
         Total |   6573 |   6238 |    335 |    291 |   4987 |   9 |  730.3 |
       Dungeon |   6377 |   6074 |    303 |    291 |   4871 |   7 |  911.0 |
        Temple |     34 |      2 |     32 |      0 |      0 |   1 |   34.0 |
         Sewer |    161 |    161 |      0 |      0 |    116 |   1 |  161.0 |
               +--------+--------+--------+--------+--------+-----+--------+

Top non-repeatable levels by time:
     D:6: 1676 daAuts
     D:1: 1082 daAuts
     D:5: 942 daAuts
     D:4: 799 daAuts
     D:2: 742 daAuts
     D:3: 670 daAuts
     D:7: 462 daAuts
   Sewer: 161 daAuts
  Temple: 34 daAuts
